 Dungeon Crawl Stone Soup version 0.31.0-32-g396128a36d (webtiles) character file.

Game seed: 7274065768989027300

60 Ijustatesigmund the Conjurer (level 4, 0/29 HPs)
             Began as an Octopode Conjurer on Mar 21, 2024.
             Slain by Terence
             ... wielding a +0 short sword
              (2 damage)
             ... on level 2 of the Dungeon.
             The game lasted 00:02:42 (1190 turns).

Ijustatesigmund the Conjurer (Octopode Conjurer)    Turns: 1190, Time: 00:02:43

Health: 0/29       AC:  1    Str:  6    XL:     4   Next: 4%
Magic:  1/8        EV: 13    Int: 22    God:
Gold:   135        SH:  0    Dex: 10    Spells: 5/8 levels left

rFire   . . .        d - +0 rapier
rCold   . . .        (no shield)
rNeg    . . .        (helmet restricted)
rPois   .            (no amulet)
rElec   .            g - ring of wizardry
rCorr   .            (no ring)
SInv    .            (no ring)
Will    +....        (no ring)
Stlth   +++          (no ring)
HPRegen 0.24/turn    (no ring)
MPRegen 0.11/turn    (no ring)
                     (no ring)

%: wizardry (x1)
@: enlightened, flying
A: almost no armour, amphibious, 8 rings, camouflage 1, gelatinous body 1,
(nimble swimmer 1), tentacles
a: no special abilities


You were on level 2 of the Dungeon.
You visited 1 branch of the dungeon, and saw 2 of its levels.

You collected 135 gold pieces.

Inventory:

Hand Weapons
 d - a +0 rapier (weapon)
Jewellery
 g - a ring of wizardry (left tentacle)
Scrolls
 b - 2 scrolls of identify {unknown}
 e - a scroll of teleportation {unknown}
 f - a scroll of fog {unknown}
 h - 3 scrolls of amnesia {unknown}
Potions
 a - a potion of magic


   Skills:
 + Level 1.9 Fighting
 - Level 2.0 Dodging
 - Level 2.6 Stealth
 + Level 2.7 Spellcasting
 + Level 4.5 Conjurations


You had 5 spell levels left.
You knew the following spells:

 Your Spells              Type           Power      Damage    Failure   Level
a - Magic Dart            Conj           88%        1d7       1%          1
b - Searing Ray           Conj           44%        2d6       1%          2

Your spell library contained the following spells:

 Spells                   Type           Power      Damage    Failure   Level
 Fulminant Prism          Conj/Alch      6%         3d7       21%         4
 Iskenderun's Mystic Bla  Conj/Tloc      12%        2d5       21%         4


Dungeon Overview and Level Annotations

Branches:
Dungeon (2/15)

Altars:

Shops:
D:2 =!

Annotations:
D:2 Terence


Innate Abilities, Weirdness & Mutations

You cannot wear most types of armour.
You are amphibious.
You can wear up to eight rings at the same time.
Your skin changes colour to match your surroundings (Stealth+).
Your rubbery body absorbs attacks. (AC +1, EV +1)
((You are camouflaged when in or above water. (Stealth+)))
You have tentacles for arms and can constrict up to eight enemies at once.


Message History

You hit Terence but do no damage. You grab Terence. You squeeze Terence.
Terence is heavily wounded.
You constrict Terence, but do no damage.
Terence says, "Don't bother to defend, it's pointless."
Terence hits you with a +0 short sword. The kobold misses you.
The kobold barely misses you. Terence hits you with a +0 short sword.
Unknown command.
Casting: Magic Dart (safe; 1% risk of failure)
Confirm with . or Enter, or press ? or * to list all spells.
You don't have enough magic to cast this spell.
You hit Terence but do no damage.
Terence is heavily wounded.
You constrict Terence, but do no damage.
Terence hits you with a +0 short sword. The kobold closely misses you.
You hit Terence but do no damage.
Terence is heavily wounded.
You constrict Terence, but do no damage.
Terence hits you with a +0 short sword!
* * * LOW HITPOINT WARNING * * *
The kobold closely misses you.
Unknown command.
It was a potion of enlightenment.
You feel very buoyant.
You fly up into the air.
You constrict Terence, but do no damage.
Terence closely misses you. The kobold barely misses you.
Okay, then.
You hit Terence but do no damage.
Terence is heavily wounded.
You constrict Terence, but do no damage.
Terence barely misses you. The kobold misses you.
Unknown command.
You hit Terence but do no damage.
Terence is heavily wounded.
You constrict Terence, but do no damage.
The goblin hits you with a +0 dagger.
* * * LOW HITPOINT WARNING * * *
Terence hits you with a +0 short sword.
You die...
Terence says, "Rest in peace."

####.#.#.....
###...........######.
#..............(.....
##.##.................
##...#...............#
##...................##
#.....................#
#...............gK....#
#......∩...#....@@....#
##.....#.#...........##
#..............#...##
#.........#.....#####
#...............#
#.....[..........#
##...........#....<
#.............##..
######.#.#.## ..


You could see Terence, a goblin and a kobold.

Vanquished Creatures
  A gnoll (D:1)
  An adder (D:2)
  A dart slug (D:1)
  A ribbon worm (D:2)
  5 bats (D:1)
  3 endoplasms
  3 giant cockroaches (D:1)
  3 goblins (D:1)
  3 hobgoblins
  5 kobolds
  3 ball pythons (D:1)
  4 frilled lizards (D:1)
  4 rats
37 creatures vanquished.

Notes
Turn   | Place    | Note
-------+----------+-------------------------------------------
     0 | D:1      | Ijustatesigmund the Octopode Conjurer began the quest for
                  | the Orb.
     0 | D:1      | Reached XP level 1. HP: 11/11 MP: 3/3
    44 | D:1      | Reached XP level 2. HP: 18/18 MP: 0/5
    50 | D:1      | Reached skill level 1 in Fighting
   253 | D:1      | Reached XP level 3. HP: 23/23 MP: 3/6
   472 | D:1      | Learned a level 2 spell: Searing Ray
  1074 | D:2      | Reached XP level 4. HP: 29/29 MP: 2/8
  1159 | D:2      | Found Goenemiz's Jewellery Boutique.
  1169 | D:2      | Found Guduh's Distillery.
  1176 | D:2      | Noticed Terence
  1190 | D:2      | Slain by Terence

Illustrated notes

Levels and vault maps discovered:
D:1:      reono_arrival_mine, layout_rooms, minmay_bisected
D:2:      minmay_roachtagon, layout_rooms, serial_shops, shop, shop, shop, shop,
          guppyfry_early_lair_pool, uniq_terence, uniq_crazy_yiuf_cottage

Skill      XL: |  1  2 |
---------------+-------+-----
Fighting       | 1 |  1.9
Dodging        | |  2.0
Stealth        | |  2.6
Spellcasting   | |  2.7
Conjurations   | |  4.5

Action                     |  1- 3 |  4- 6 || total
---------------------------+-------+-------++-------
  Melee: Unarmed           |    23 |       ||    23
         Constrict         |     7 |     2 ||     9
         Tentacles         |     4 |     1 ||     5
         Rapier            |     2 |     7 ||     9
   Cast: Magic Dart        |    56 |    11 ||    67
    Use: Potion            |       |     1 ||     1
 Armour: Skin              |    15 |     8 ||    23
  Dodge: Dodged            |    14 |    10 ||    24
